[Event "Titled Tuesday Blitz June 6 Late 2023"]
[White "Santos Flores, Alberto"]
[Black "Indjic, Aleksandar"]
[WhiteFideId "3601234"]
[BlackFideId "911925"]
[WhiteElo "2235"]
[BlackElo "2614"]
[Result "1/2-1/2"]
[Round "1"]
[TimeControl "180+2"]
[Date "2023.06.07"]
[WhiteClock "0:00:58"]
[BlackClock "0:01:37"]
[Board "47"]

1. e4 c5 2. Nf3 e6 3. g3 Nc6 4. Bg2 Nf6 5. Qe2 e5 6. c3 Be7 7. O-O O-O 8. Rd1 d5 9. exd5 Qxd5 10. d3 Re8 11. Na3 Bg4 12. h3 Bh5 13. g4 Bg6 14. Nc4 e4 15. dxe4 Qxe4 16. Qxe4 Bxe4 17. Bf4 Rad8 18. Nd6 Bxd6 19. Rxd6 Rxd6 20. Bxd6 b6 21. Re1 Bxf3 22. Rxe8+ Nxe8 23. Bxf3 Nxd6 24. Bxc6 Nc4 25. b4 Kf8 26. Kf1 Ke7 27. Ke2 g5 28. Be4 h6 29. Bd3 Nd6 30. bxc5 bxc5 31. Ke3 Ke6 32. f4 Kd5 33. Be2 f6 34. Bd3 Nc4+ 35. Bxc4+ Kxc4 36. fxg5 hxg5 37. Kd2 a6 38. Kc2 a5 39. Kd2 a4 40. Kc2 Kd5 41. Kd3 c4+ 42. Ke3 a3 43. Kf3 Ke5 44. Ke3 Kd5 45. Kf3 Ke5 46. Ke3 Kd5 1/2-1/2


[Site "https://www.chess.com"]

[Event "Titled Tuesday Blitz June 6 Late 2023"]
[White "Perez Ponsa, Federico"]
[Black "Seletsky, Grigory"]
[WhiteFideId "117927"]
[BlackFideId "14112191"]
[WhiteElo "2590"]
[BlackElo "2491"]
[Result "1-0"]
[Round "1"]
[TimeControl "180+2"]
[Date "2023.06.07"]
[WhiteClock "0:00:34"]
[BlackClock "0:01:04"]
[Board "48"]

1. e4 c5 2. Nf3 d6 3. d4 cxd4 4. Nxd4 Nf6 5. Nc3 a6 6. Be2 e5 7. Nb3 Be6 8. f4 Qc7 9. g4 exf4 10. g5 Nfd7 11. Bxf4 Be7 12. Qd2 O-O 13. O-O-O Ne5 14. Nd4 Nbd7 15. Nf5 Bxf5 16. Nd5 Qd8 17. exf5 Rc8 18. Nxe7+ Qxe7 19. Qxd6 Qe8 20. Rhe1 Rc6 21. Qd4 f6 22. gxf6 gxf6 23. Rg1+ Kh8 24. Bh6 Rg8 25. Rxg8+ Qxg8 26. Rg1 Qxa2 27. Bg7+ Kg8 28. Bxf6+ Kf7 29. Bxe5 Nxe5 30. Bh5+ Kf6 31. Qd8+ Kxf5 32. Qg5+ Ke6 33. Qg8+ Kf5 34. Qxa2 1-0


[Site "https://www.chess.com"]

[Event "Titled Tuesday Blitz June 6 Late 2023"]
[White "Liu, Eric"]
[Black "Lobanov, Sergei"]
[WhiteFideId "30960240"]
[BlackFideId "24183750"]
[WhiteElo "2094"]
[BlackElo "2501"]
[Result "1/2-1/2"]
[Round "1"]
[TimeControl "180+2"]
[Date "2023.06.07"]
[WhiteClock "0:00:10"]
[BlackClock "0:00:03"]
[Board "49"]

1. b3 d5 2. Bb2 Bf5 3. e3 h6 4. h4 e6 5. h5 Nf6 6. c3 c5 7. c4 Nc6 8. cxd5 exd5 9. Nf3 Rc8 10. Be2 Bd6 11. O-O O-O 12. d4 cxd4 13. Nxd4 Bd7 14. Nc3 Re8 15. Bf3 Nxd4 16. Qxd4 Be5 17. Qd2 Qa5 18. Rac1 Rc6 19. a3 Be6 20. b4 Qd8 21. Nb5 Bb8 22. g3 Ng4 23. Rxc6 bxc6 24. Nd4 Ne5 25. Be2 Bh3 26. Rc1 Qg5 27. Qc3 Ng4 28. Nf3 Qf6 29. Qxf6 Nxf6 30. Bxf6 gxf6 31. Rxc6 Bg4 32. Nd4 Bxe2 33. Nxe2 Be5 34. Rc5 Bb2 35. a4 Rd8 36. b5 d4 37. exd4 Bxd4 38. Nxd4 Rxd4 39. a5 Rb4 40. Kg2 Rb3 41. g4 Kg7 42. f3 Ra3 43. a6 Rb3 44. Rc7 Rxb5 45. Rxa7 Ra5 46. Kf2 Ra3 47. Ke2 f5 48. gxf5 Kf6 49. Ra8 Kg5 50. a7 Kxh5 51. Kf2 Kh4 52. Kg2 h5 53. Kf2 Kh3 54. Kf1 h4 55. Kf2 f6 56. Ke2 Kh2 57. Kf2 h3 58. f4 Ra2+ 59. Kf1 Ra3 60. Kf2 Ra2+ 61. Kf1 Ra3 62. Kf2 1/2-1/2


[Site "https://www.chess.com"]

[Event "Titled Tuesday Blitz June 6 Late 2023"]
[White "Maksimovic, Bojan"]
[Black "Yeritsyan, Hayk"]
[WhiteFideId "14408120"]
[BlackFideId "13307320"]
[WhiteElo "2457"]
[BlackElo "2463"]
[Result "0-1"]
[Round "1"]
[TimeControl "180+2"]
[Date "2023.06.07"]
[WhiteClock "0:00:36"]
[BlackClock "0:00:10"]
[Board "50"]

1. Nf3 d5 2. g3 Nf6 3. Bg2 Bf5 4. O-O e6 5. c4 c6 6. Qb3 Qb6 7. d3 h6 8. Be3 Qxb3 9. axb3 a6 10. Nc3 Nbd7 11. Ra4 Be7 12. b4 O-O 13. Rfa1 Ng4 14. Bd2 dxc4 15. dxc4 Nb6 16. R4a2 Nxc4 17. b5 Nxd2 18. Nxd2 Rad8 19. h3 Nf6 20. bxc6 Rxd2 21. cxb7 Rb8 22. Rxa6 Kh7 23. Ra8 Nd7 24. Bc6 Rxb2 25. g4 Bg6 26. Bxd7 R8xb7 27. Be8 Rc7 28. Nb5 Rcc2 29. Rf1 Rxe2 30. Ra7 Bc5 31. Rxf7 Bxf7 32. Bxf7 Rxf2 33. Rxf2 Bxf2+ 34. Kh1 Rxb5 35. Bxe6 Rc5 36. Kg2 Bh4 37. Kf3 g5 38. Ke4 Kg7 39. Kd4 Ra5 40. Bb3 Kf6 41. Ke4 Re5+ 42. Kf3 Ke7 43. Bc4 Kd6 44. Bb3 Kc5 45. Ba2 Kd4 46. Bg8 Re3+ 47. Kg2 Rg3+ 48. Kh2 Ke3 49. Be6 Kf2 50. Bd5 Re3 51. Bh1 Bg3# 0-1


[Site "https://www.chess.com"]

[Event "Titled Tuesday Blitz June 6 Late 2023"]
[White "Lima, Kleyton Alcantara"]
[Black "Hambleton, Aman"]
[WhiteFideId "22718397"]
[BlackFideId "2606577"]
[WhiteElo "2009"]
[BlackElo "2511"]
[Result "0-1"]
[Round "1"]
[TimeControl "180+2"]
[Date "2023.06.07"]
[WhiteClock "0:01:21"]
[BlackClock "0:00:51"]
[Board "51"]

1. e4 c5 2. Nf3 e6 3. d4 cxd4 4. Nxd4 Nc6 5. Nc3 a6 6. Nxc6 bxc6 7. Bd3 d5 8. O-O Nf6 9. e5 Nd7 10. Qe2 Nc5 11. Re1 Be7 12. Qg4 g6 13. Bh6 Nxd3 14. cxd3 c5 15. Rac1 Bd7 16. Bg7 Rg8 17. Bf6 Rc8 18. Qh4 h5 19. b3 Bc6 20. d4 g5 21. Bxe7 Qxe7 22. Qxh5 cxd4 23. Ne2 d3 24. Qh7 Rg6 25. Rxc6 Rxc6 26. Nd4 d2 27. Rd1 Rc1 28. Qh8+ Qf8 29. Qh5 g4 0-1


[Site "https://www.chess.com"]

[Event "Titled Tuesday Blitz June 6 Late 2023"]
[White "Schmakel, Sam"]
[Black "KorolDimitriy75"]
[WhiteFideId "2039311"]
[WhiteElo "2356"]
[BlackElo "2463"]
[Result "1-0"]
[Round "1"]
[TimeControl "180+2"]
[Date "2023.06.07"]
[WhiteClock "0:00:03"]
[BlackClock "0:00:08"]
[Board "52"]

1. d4 Nf6 2. c4 c5 3. d5 b5 4. cxb5 a6 5. e3 axb5 6. Bxb5 Qa5+ 7. Nc3 Bb7 8. Bd2 Qb6 9. Bc4 e6 10. e4 Nxe4 11. Nxe4 exd5 12. Nc3 dxc4 13. Nf3 Be7 14. O-O O-O 15. Bf4 Re8 16. Re1 Na6 17. Qxd7 Bc6 18. Qg4 Bf6 19. Ne5 Nb4 20. Nxc4 Qa6 21. Rxe8+ Rxe8 22. Nd6 Rd8 23. Nce4 Bxb2 24. Rf1 Qxa2 25. Nxc5 Qd5 26. Nde4 Qc4 27. Bg3 h5 28. Nf6+ Bxf6 29. Qxc4 Nd5 30. Bh4 1-0


[Site "https://www.chess.com"]

[Event "Titled Tuesday Blitz June 6 Late 2023"]
[White "Rios Escobar, Adan"]
[Black "Bakalchuk, Johnatan"]
[WhiteFideId "3403645"]
[BlackFideId "2810301"]
[WhiteElo "2462"]
[BlackElo "2450"]
[Result "1-0"]
[Round "1"]
[TimeControl "180+2"]
[Date "2023.06.07"]
[WhiteClock "0:00:04"]
[BlackClock "0:00:04"]
[Board "53"]

1. d4 Nf6 2. g3 g6 3. Bg2 Bg7 4. e4 O-O 5. Ne2 d6 6. O-O c5 7. dxc5 dxc5 8. e5 Ng4 9. f4 Qb6 10. Nbc3 c4+ 11. Qd4 Nc6 12. Qxb6 axb6 13. h3 Nh6 14. Be3 Ra6 15. g4 e6 16. Rfd1 f6 17. exf6 Bxf6 18. f5 Nf7 19. fxg6 hxg6 20. Nf4 Nfe5 21. Ne4 Bg7 22. Nd6 Nb4 23. Be4 Ra5 24. a3 Nd5 25. Nxd5 exd5 26. Bxd5+ Rxd5 27. Rxd5 Be6 28. Rdd1 Rf3 29. Bxb6 Rg3+ 30. Kh2 Rf3 31. Rf1 Bd5 32. Ne8 Bh8 33. Rxf3 Nxf3+ 34. Kg3 Bxb2 35. Rd1 Be5+ 36. Kf2 Bc6 37. Nd6 Ng5 38. Nxc4 Nxh3+ 39. Ke3 Bf4+ 40. Kd4 Nf2 41. Rf1 Bg3 42. Ne3 g5 43. Bc7 Bxc7 44. Rxf2 Bf4 45. Nf5 Bd7 46. Re2 Kf8 47. Nd6 Bc6 48. Nc4 Bg3 49. Re3 Be8 50. Rxg3 b5 51. Rf3+ 1-0


[Site "https://www.chess.com"]

[Event "Titled Tuesday Blitz June 6 Late 2023"]
[White "Milikow, Yoav"]
[Black "Van Dael, Siem"]
[WhiteFideId "2822237"]
[BlackFideId "1049771"]
[WhiteElo "2410"]
[BlackElo "2336"]
[Result "1-0"]
[Round "1"]
[TimeControl "180+2"]
[Date "2023.06.07"]
[WhiteClock "0:00:23"]
[BlackClock "0:00:03"]
[Board "54"]

1. d4 Nf6 2. c4 g6 3. Nc3 Bg7 4. e4 d6 5. Be2 O-O 6. Be3 Nc6 7. d5 Ne5 8. h3 c6 9. Nf3 Nxf3+ 10. Bxf3 e6 11. dxc6 bxc6 12. e5 dxe5 13. Bc5 e4 14. Bxf8 Qxf8 15. Be2 Rb8 16. Qc2 Qb4 17. Rb1 Ba6 18. O-O Bxc4 19. Bxc4 Qxc4 20. Rfe1 c5 21. Re2 Qd3 22. Nxe4 Qxc2 23. Nxf6+ Bxf6 24. Rxc2 Bd4 25. b3 e5 26. Rc4 a5 27. Ra4 Rb5 28. Kf1 f5 29. Ke2 Kf7 30. f3 Ke6 31. Kd3 Kd5 32. Re1 h5 33. h4 Bf2 34. Re2 Bd4 35. g3 Kc6 36. Kc4 Rb4+ 37. Rxb4 axb4 38. g4 hxg4 39. fxg4 f4 40. h5 gxh5 41. gxh5 f3 42. Re1 f2 43. Rf1 e4 44. h6 e3 45. Kd3 Kd5 46. h7 Ke5 47. Rh1 1-0


[Site "https://www.chess.com"]

[Event "Titled Tuesday Blitz June 6 Late 2023"]
[White "i_like_explosions"]
[Black "Cabarkapa, Novak"]
[BlackFideId "943746"]
[WhiteElo "2459"]
[BlackElo "2404"]
[Result "1-0"]
[Round "1"]
[TimeControl "180+2"]
[Date "2023.06.07"]
[WhiteClock "0:00:17"]
[BlackClock "0:00:17"]
[Board "55"]

1. d4 Nf6 2. Bg5 Ne4 3. Bf4 c5 4. f3 Nf6 5. d5 Nh5 6. Bc1 e5 7. g3 d6 8. e4 Be7 9. Nc3 g6 10. Be3 Bg5 11. Qd2 Bxe3 12. Qxe3 a6 13. a4 O-O 14. O-O-O b5 15. axb5 axb5 16. Bxb5 Na6 17. Bxa6 Bxa6 18. Nge2 Qb6 19. g4 Bxe2 20. Nxe2 Nf6 21. Qc3 Rfb8 22. b3 Ra2 23. Kd2 Ra7 24. Ra1 Rab7 25. Ra4 Qd8 26. h4 Rb4 27. Rha1 Nd7 28. Rxb4 cxb4 29. Qc6 Nc5 30. Ra7 Qf6 31. Ke3 Rf8 32. g5 Qd8 33. Qc7 Qxc7 34. Rxc7 Ra8 35. Rc6 Rd8 36. Nc1 f6 37. Nd3 Nb7 38. Rb6 Rd7 39. gxf6 Kf7 40. Nxb4 Kxf6 41. Nd3 g5 42. h5 g4 43. fxg4 Kg5 44. c4 Kxg4 45. b4 Kxh5 46. c5 dxc5 47. bxc5 Na5 48. Rb4 Rc7 49. c6 Nxc6 50. dxc6 Rxc6 51. Rb5 Kh4 52. Rxe5 h5 53. Rf5 Kg4 54. Nf2+ Kh4 55. Rf4+ Kg3 56. Rf3+ Kh4 57. e5 Rc8 58. Ke4 Rc4+ 59. Kd5 Rc8 60. e6 Kg5 61. Kd6 Ra8 62. e7 Ra6+ 63. Kd7 Ra7+ 64. Ke6 Ra6+ 65. Kf7 Ra7 66. Kf8 h4 67. e8=Q h3 68. Qe5+ Kg6 69. Rg3+ Kh7 70. Qh5# 1-0


[Site "https://www.chess.com"]

[Event "Titled Tuesday Blitz June 6 Late 2023"]
[White "Tejedor Fuente, Enrique"]
[Black "Luong Phuong Hanh"]
[WhiteFideId "2299100"]
[BlackFideId "12401013"]
[WhiteElo "2496"]
[BlackElo "2081"]
[Result "1-0"]
[Round "1"]
[TimeControl "180+2"]
[Date "2023.06.07"]
[WhiteClock "0:00:05"]
[BlackClock "0:00:01"]
[Board "56"]

1. b3 e5 2. Bb2 d6 3. e3 g6 4. d4 Bg7 5. Nf3 Nc6 6. Bb5 Bd7 7. O-O Nge7 8. d5 Nb8 9. a4 O-O 10. e4 Bg4 11. Be2 Nd7 12. a5 Nc5 13. Nfd2 Bd7 14. b4 Na4 15. Bc1 b5 16. c4 a6 17. Qc2 c6 18. dxc6 Nxc6 19. Rxa4 Nd4 20. Qd1 bxa4 21. Nc3 Rb8 22. Ba3 Bc6 23. Bd3 Qg5 24. Kh1 Bh6 25. Nf3 Qg4 26. Nxd4 Qxd1 27. Rxd1 exd4 28. Ne2 Rfe8 29. f3 Be3 30. Bb1 Bd7 31. Nxd4 f5 32. h3 fxe4 33. Bxe4 Bf4 34. Bd5+ Kg7 35. Be4 Rbc8 36. Bb2 Kh6 37. Bd3 Be5 38. Bc1+ Kg7 39. Nc2 Be6 40. Na3 Bc3 41. b5 Bxa5 42. bxa6 Bc3 43. Nb5 Bf6 44. Nxd6 Red8 45. Nxc8 Rxc8 46. Ba3 Ra8 47. c5 Be7 48. Bb5 Kf7 49. Re1 Rc8 50. a7 Ra8 51. Bxa4 Rxa7 52. Re4 Bf5 53. Rf4 Kg7 54. Bb2+ Kh6 55. g4 Bg5 56. Rc4 Bd3 57. Rd4 Be2 58. Kg2 Rf7 59. c6 Bxf3+ 60. Kg3 Bxc6 61. Bxc6 Be3 62. Kg2 Bxd4 63. Bxd4 g5 64. Be3 Rf6 65. Bd5 Rd6 66. Bf3 Rd3 67. Bf2 Rd2 68. Kg3 Rd3 69. Kg2 Rc3 70. Be1 Rc2+ 71. Kf1 Rc4 72. Be2 Rf4+ 73. Bf2 Rb4 74. Ke1 Rb1+ 75. Bd1 Rb7 76. Ke2 Rd7 77. Be3 Rc7 78. Bb3 Rc3 79. Bd5 Ra3 80. Kf3 Rc3 81. Be4 Ra3 82. h4 Kg7 83. hxg5 Rb3 84. Kf4 Ra3 85. Bd4+ Kg8 86. Bc5 Ra5 87. Bd5+ Kg7 88. Bd4+ Kf8 89. Ke4 Ra1 90. Bxa1 1-0


[Site "https://www.chess.com"]

[Event "Titled Tuesday Blitz June 6 Late 2023"]
[White "Eidelman, Gabriel"]
[Black "Gadimbayli, Abdulla"]
[WhiteFideId "30910544"]
[BlackFideId "13404938"]
[WhiteElo "2453"]
[BlackElo "2386"]
[Result "0-1"]
[Round "1"]
[TimeControl "180+2"]
[Date "2023.06.07"]
[WhiteClock "0:01:02"]
[BlackClock "0:02:06"]
[Board "57"]

1. Nf3 g6 2. g3 Bg7 3. Bg2 d5 4. O-O c5 5. d3 Nc6 6. c4 Nf6 7. cxd5 Nxd5 8. a3 O-O 9. Qc2 Bg4 10. Nc3 Bxf3 11. Bxf3 Nd4 12. Qd1 Nxc3 13. bxc3 Nxf3+ 14. exf3 Bxc3 15. Rb1 b6 16. Bh6 Bg7 17. Bxg7 Kxg7 18. Qb3 e6 19. Qc3+ Qf6 20. Qxf6+ Kxf6 21. Rfd1 Rfd8 22. Kf1 Rd4 23. Ke2 Rad8 24. Ke3 c4 25. Ke2 Rxd3 26. Rxd3 Rxd3 27. a4 Rb3 28. Rc1 Rb4 29. Ra1 Ke5 30. a5 b5 31. a6 Rb2+ 32. Ke3 Rb3+ 33. Ke2 Kd4 34. Rd1+ Rd3 35. Rb1 Kc5 36. f4 b4 0-1


[Site "https://www.chess.com"]

[Event "Titled Tuesday Blitz June 6 Late 2023"]
[White "Somalianwarrior2006"]
[Black "Kokoszczynski, Jan"]
[BlackFideId "1174460"]
[WhiteElo "2759"]
[BlackElo "2139"]
[Result "0-1"]
[Round "1"]
[TimeControl "180+2"]
[Date "2023.06.07"]
[WhiteClock "0:00:36"]
[BlackClock "0:01:41"]
[Board "58"]

1. e4 e5 2. Nf3 Nc6 3. Bc4 Bc5 4. d3 Nf6 5. c3 O-O 6. O-O d6 7. h3 a5 8. a4 Be6 9. Nbd2 Re8 10. Bxe6 Rxe6 11. Nc4 h6 12. Re1 d5 13. exd5 Qxd5 14. Be3 Rd8 15. Bxc5 Qxc5 16. Ncxe5 Nxe5 17. Rxe5 Rxe5 18. d4 Red5 0-1


[Site "https://www.chess.com"]

[Event "Titled Tuesday Blitz June 6 Late 2023"]
[White "Kovalevsky, Stanislav"]
[Black "Riehle, Marco"]
[WhiteFideId "13508598"]
[BlackFideId "12904392"]
[WhiteElo "2112"]
[BlackElo "2462"]
[Result "1/2-1/2"]
[Round "1"]
[TimeControl "180+2"]
[Date "2023.06.07"]
[WhiteClock "0:00:09"]
[BlackClock "0:00:38"]
[Board "59"]

1. c4 e6 2. e4 d5 3. exd5 exd5 4. cxd5 Nf6 5. Nc3 Nxd5 6. Bc4 Nxc3 7. bxc3 Bd6 8. Ne2 O-O 9. d4 Qh4 10. Be3 c6 11. Qd2 h6 12. Bf4 Bxf4 13. Qxf4 Qxf4 14. Nxf4 Re8+ 15. Kd2 b5 16. Bb3 Bf5 17. Rhe1 Nd7 18. f3 g5 19. Nd3 Kg7 20. Rxe8 Rxe8 21. a4 a6 22. axb5 axb5 23. Ra7 h5 24. Rc7 Ra8 25. Rxc6 Ra3 26. Nc1 Ra1 27. Rd6 Rb1 28. Bc2 Rb2 29. Nd3 Ra2 30. Rd5 Kf6 31. Rxf5+ Kxf5 32. Nc5+ Rxc2+ 33. Kxc2 Nb6 34. Ne4 Nd5 35. Kd3 Nf4+ 36. Kd2 Nxg2 37. Nd6+ Kf4 38. Nxf7 Nh4 39. Nd6 Nxf3+ 40. Ke2 Nxh2 41. Nxb5 h4 42. d5 h3 43. d6 Ng4 44. d7 h2 45. d8=Q h1=Q 46. Qd4+ Kf5 47. Qd7+ Kf4 48. Qd6+ Ne5 49. Qf6+ Ke4 50. Nd6+ Kd5 51. Nf5 Kc4 52. Ne3+ Kxc3 53. Qxe5+ Kb4 54. Qd4+ Kb5 55. Qc4+ Ka5 56. Kd3 Qb1+ 57. Kd2 Qb4+ 58. Qxb4+ Kxb4 59. Ke2 g4 60. Nxg4 1/2-1/2


[Site "https://www.chess.com"]

[Event "Titled Tuesday Blitz June 6 Late 2023"]
[White "Klukin, Kirill"]
[Black "Alexikov, Alexander"]
[WhiteFideId "24199273"]
[BlackFideId "14103958"]
[WhiteElo "2344"]
[BlackElo "2186"]
[Result "1-0"]
[Round "1"]
[TimeControl "180+2"]
[Date "2023.06.07"]
[WhiteClock "0:00:12"]
[BlackClock "0:00:04"]
[Board "60"]

1. f4 Nf6 2. Nf3 d6 3. g3 g6 4. Bg2 Bg7 5. O-O O-O 6. d3 c5 7. Nc3 Nc6 8. e4 Nd4 9. Nxd4 cxd4 10. Ne2 e5 11. h3 Ne8 12. g4 f6 13. Kh1 Nc7 14. c3 dxc3 15. bxc3 Kh8 16. d4 Be6 17. d5 Bd7 18. c4 Na6 19. fxe5 fxe5 20. Be3 b6 21. a4 Rc8 22. a5 Nc5 23. axb6 axb6 24. Rb1 Qc7 25. Qd2 Ra8 26. Qb4 Ra6 27. Rxf8+ Bxf8 28. Nc3 Kg7 29. Kh2 Be7 30. Nb5 Qd8 31. Qd2 Ra4 32. Qc2 Bxb5 33. Rxb5 Qa8 34. Rxb6 Ra2 35. Rb2 Rxb2 36. Qxb2 Qa4 37. Bxc5 dxc5 38. Qb7 Kf8 39. Qc8+ Kf7 40. Qe6+ Kf8 41. d6 Bh4 42. d7 Qd1 43. g5 Bxg5 44. Qxe5 Bh4 45. Qf4+ Ke7 46. Qxh4+ Kxd7 47. Qxh7+ Ke6 48. Qxg6+ Ke5 49. Qf5+ Kd6 50. Qd5+ 1-0


[Site "https://www.chess.com"]

[Event "Titled Tuesday Blitz June 6 Late 2023"]
[White "Roienko, Artur"]
[Black "Pakleza, Zbigniew"]
[WhiteFideId "14136732"]
[BlackFideId "1119290"]
[WhiteElo "2062"]
[BlackElo "2410"]
[Result "0-1"]
[Round "1"]
[TimeControl "180+2"]
[Date "2023.06.07"]
[WhiteClock "0:01:49"]
[BlackClock "0:01:24"]
[Board "61"]

1. e4 d6 2. d4 Nf6 3. Nc3 c6 4. Bg5 Qb6 5. Qd2 Qxb2 6. Rb1 Qa3 7. Nf3 e6 8. Bd3 d5 9. O-O Bb4 10. Rb3 Qa5 11. a3 Bxc3 12. Rxc3 Nxe4 13. Bxe4 dxe4 14. Ne5 f6 15. Nc4 Qxg5 0-1


[Site "https://www.chess.com"]

[Event "Titled Tuesday Blitz June 6 Late 2023"]
[White "Oro, Faustino"]
[Black "Wizard_of_Odds"]
[WhiteFideId "20000197"]
[WhiteElo "1984"]
[BlackElo "2449"]
[Result "1-0"]
[Round "1"]
[TimeControl "180+2"]
[Date "2023.06.07"]
[WhiteClock "0:00:27"]
[BlackClock "0:00:22"]
[Board "62"]

1. Nf3 Nf6 2. g3 d5 3. Bg2 c6 4. O-O Bg4 5. d3 e6 6. Nbd2 h6 7. e4 Be7 8. c3 O-O 9. h3 Bh5 10. Re1 Na6 11. Qc2 Bg6 12. Ne5 Bh7 13. Ndf3 dxe4 14. dxe4 Nc5 15. Nd4 Nfd7 16. Nc4 a5 17. Be3 Nf6 18. Bf4 Nh5 19. Bd2 Qc7 20. Qd1 Bg6 21. a4 Nd3 22. Re3 Ne5 23. Nxe5 Qxe5 24. Nf3 Qc7 25. Re1 Rfd8 26. Qb3 Nf6 27. Bf4 Qc8 28. Ne5 Bh7 29. Nc4 Ra6 30. Nb6 Rxb6 31. Qxb6 Qa8 32. Rad1 Nd7 33. Qc7 Nc5 34. Qxe7 1-0


[Site "https://www.chess.com"]

[Event "Titled Tuesday Blitz June 6 Late 2023"]
[White "Balla, Tamas-Kristof"]
[Black "Sokolovsky, Yahli"]
[WhiteFideId "1208497"]
[BlackFideId "2820242"]
[WhiteElo "2334"]
[BlackElo "2389"]
[Result "0-1"]
[Round "1"]
[TimeControl "180+2"]
[Date "2023.06.07"]
[WhiteClock "0:00:21"]
[BlackClock "0:00:27"]
[Board "63"]

1. e4 d6 2. d4 Nf6 3. Nc3 g6 4. f4 Bg7 5. Nf3 O-O 6. Bd3 Nc6 7. e5 dxe5 8. fxe5 Nd5 9. Nxd5 Qxd5 10. c3 Bg4 11. O-O Rad8 12. Be3 Nxe5 13. Be2 Nxf3+ 14. Bxf3 Bxf3 15. Rxf3 c5 16. Qc2 cxd4 17. Bxd4 Bxd4+ 18. cxd4 Qxd4+ 19. Kh1 Qd2 20. Qb3 Qd5 21. Qa3 e5 22. Qxa7 Ra8 23. Qf2 Rxa2 24. Rf1 Qd4 25. Qc2 Qxb2 26. Qxb2 Rxb2 27. h4 h5 28. Re3 Re8 29. Rf6 e4 30. Rf4 Rb4 31. Rf6 Re6 32. Rf4 b5 33. Kh2 Rc4 34. Kg3 b4 35. Rf2 Rc3 36. Kf4 Rf6+ 0-1


[Site "https://www.chess.com"]

[Event "Titled Tuesday Blitz June 6 Late 2023"]
[White "Shapiro, David"]
[Black "Kashtanov, Ruslan"]
[WhiteFideId "24133523"]
[BlackFideId "4124871"]
[WhiteElo "2308"]
[BlackElo "2263"]
[Result "1-0"]
[Round "1"]
[TimeControl "180+2"]
[Date "2023.06.07"]
[WhiteClock "0:00:14"]
[BlackClock "0:00:01"]
[Board "64"]

1. e4 c5 2. Nf3 d6 3. d4 cxd4 4. Nxd4 Nf6 5. Nc3 a6 6. Be3 e6 7. g4 h6 8. Bg2 Nc6 9. h3 Bd7 10. Qe2 b5 11. O-O-O Be7 12. h4 h5 13. gxh5 Rc8 14. Nxc6 Bxc6 15. Bg5 b4 16. Nb1 Qa5 17. f4 Qxa2 18. e5 Nd5 19. Bxe7 Kxe7 20. exd6+ Kd7 21. Bxd5 Bxd5 22. Qe5 f6 23. Qd4 Rc6 24. Qxb4 Rhc8 25. Rh2 Qc4 26. Qxc4 Rxc4 27. Nc3 Bc6 28. Rg1 Rg8 29. h6 g6 30. h5 1-0


[Site "https://www.chess.com"]

[Event "Titled Tuesday Blitz June 6 Late 2023"]
[White "Shapiro, Viktor"]
[Black "Kushko, Dmitriy"]
[WhiteFideId "4175700"]
[BlackFideId "14162261"]
[WhiteElo "2212"]
[BlackElo "2230"]
[Result "1-0"]
[Round "1"]
[TimeControl "180+2"]
[Date "2023.06.07"]
[WhiteClock "0:00:19"]
[BlackClock "0:00:05"]
[Board "65"]

1. Nf3 g6 2. g3 Bg7 3. Bg2 Nf6 4. O-O O-O 5. c4 d6 6. d3 Nc6 7. Nc3 e5 8. Rb1 a5 9. a3 Re8 10. b4 axb4 11. axb4 Nd4 12. e3 Nxf3+ 13. Bxf3 h5 14. b5 Bg4 15. e4 Qd7 16. Bg5 Nh7 17. Be3 Nf8 18. Nd5 Ra3 19. Bxg4 hxg4 20. Rb3 Rea8 21. Rxa3 Rxa3 22. Qe2 c6 23. bxc6 bxc6 24. Nb6 Qe6 25. Rb1 f5 26. c5 d5 27. Qc2 d4 28. Bc1 Ra2 29. Qd1 Qf7 30. exf5 gxf5 31. Nc4 Nd7 32. Nd6 Qe6 33. Rb7 Nxc5 34. Rb8+ Kh7 35. Ne8 Bh8 36. Bb2 e4 37. dxe4 Qxe4 38. Nd6 Qd5 39. Rxh8+ Kxh8 40. Qxd4+ Qxd4 41. Bxd4+ Kh7 42. Bxc5 Kg6 43. Be3 Rc2 44. Kf1 Kf6 45. Ke1 Ke5 46. Bf4+ Kd5 47. Nxf5 Ra2 48. Nh6 c5 49. Nxg4 c4 50. h4 c3 51. h5 Kc4 52. h6 Kd3 53. Kf1 Ra1+ 54. Kg2 Ra7 55. h7 Rxh7 56. Ne5+ Ke4 57. Ng4 Rc7 58. f3+ Kd3 59. Nf2+ Ke2 60. Ne4 c2 61. g4 Rc6 62. Kg3 c1=Q 63. Bxc1 Rxc1 64. Ng5 Ke3 65. f4 Rg1+ 66. Kh4 Kxf4 67. Nh3+ 1-0


[Site "https://www.chess.com"]

[Event "Titled Tuesday Blitz June 6 Late 2023"]
[White "Papasimakopoulos, Alexandros"]
[Black "szachmistrz2500"]
[WhiteFideId "4244125"]
[WhiteElo "2359"]
[BlackElo "2444"]
[Result "1/2-1/2"]
[Round "1"]
[TimeControl "180+2"]
[Date "2023.06.07"]
[WhiteClock "0:00:13"]
[BlackClock "0:01:42"]
[Board "66"]

1. d4 d5 2. c4 e6 3. Nc3 Nf6 4. cxd5 exd5 5. Bg5 c6 6. Qc2 Bd6 7. e3 Bg4 8. Bd3 Bh5 9. Nge2 Bg6 10. Nf4 Bxd3 11. Nxd3 Nbd7 12. Bf4 Qe7 13. h3 Ne4 14. Nxe4 dxe4 15. Bxd6 Qxd6 16. Nf4 Nf6 17. O-O O-O 18. Rfc1 Rae8 19. Rab1 Nd5 20. Nxd5 Qxd5 21. Qc4 Qg5 22. Qc5 f5 23. Qxa7 f4 24. exf4 Qxf4 25. Rf1 Rf7 26. Qc5 h6 27. Rbe1 Qd2 28. Qc3 Qf4 29. Qe3 Qf5 30. f3 Rfe7 31. fxe4 Qxe4 32. Qb3+ Qd5 33. Qxd5+ cxd5 34. Rxe7 Rxe7 35. Rf5 Re2 36. b3 Rxa2 37. Rxd5 Rd2 38. Rb5 Rxd4 39. Rxb7 Rd2 40. Kh2 Kh7 41. Kg3 Kg6 42. b4 Rb2 43. b5 Rb4 44. Rb8 h5 45. b6 Kg5 46. Kf3 g6 47. g3 h4 48. g4 Rb3+ 49. Kf2 Rxh3 50. b7 Rb3 51. Kg1 Kxg4 52. Rg8 Rb1+ 53. Kg2 Rb2+ 54. Kg1 Rb1+ 55. Kg2 Rxb7 56. Rxg6+ Kh5 57. Rg8 Rb2+ 58. Kh3 Rb3+ 59. Kh2 Rb4 60. Kh3 Rb3+ 61. Kh2 Kh6 62. Ra8 Kg5 63. Ra4 Rb2+ 64. Kh3 Rb3+ 65. Kh2 Rb2+ 66. Kh3 Rb3+ 67. Kg2 Rb2+ 68. Kh3 1/2-1/2


[Site "https://www.chess.com"]

[Event "Titled Tuesday Blitz June 6 Late 2023"]
[White "Jovic, Stanoje"]
[Black "Prohaszka, Peter"]
[WhiteFideId "905020"]
[BlackFideId "726265"]
[WhiteElo "2236"]
[BlackElo "2626"]
[Result "0-1"]
[Round "1"]
[TimeControl "180+2"]
[Date "2023.06.07"]
[WhiteClock "0:00:01"]
[BlackClock "0:00:03"]
[Board "67"]

1. c4 c6 2. e4 d5 3. exd5 cxd5 4. cxd5 Nf6 5. Qa4+ Nbd7 6. Bc4 g6 7. d3 Bg7 8. Nc3 O-O 9. Nf3 a6 10. Qa3 b6 11. O-O Bb7 12. Re1 Re8 13. Bg5 b5 14. Bb3 Rc8 15. Qb4 Nc5 16. Rad1 Nxb3 17. axb3 Nxd5 18. Nxd5 Qxd5 19. Rxe7 Rxe7 20. Qxe7 Qxb3 21. Re1 Bc6 22. h4 h6 23. Be3 Bxf3 24. gxf3 Qxd3 25. h5 g5 26. Qb7 Rc4 27. Qxa6 Qf5 28. Qa8+ Kh7 29. Rd1 Rh4 30. Kf1 Rh1+ 31. Ke2 Qc2+ 32. Rd2 Qc4+ 33. Rd3 Rb1 34. Qe4+ Qxe4 35. fxe4 Rxb2+ 36. Kf3 Be5 37. Rd7 Kg7 38. Rb7 b4 39. Rb5 Bc3 40. e5 Rb1 0-1


[Site "https://www.chess.com"]

[Event "Titled Tuesday Blitz June 6 Late 2023"]
[White "Yanchenko, Roman"]
[Black "Garcia Cuenca, Victor"]
[WhiteFideId "4137329"]
[BlackFideId "2250829"]
[WhiteElo "2491"]
[BlackElo "2329"]
[Result "1-0"]
[Round "1"]
[TimeControl "180+2"]
[Date "2023.06.07"]
[WhiteClock "0:00:18"]
[BlackClock "0:00:07"]
[Board "68"]

1. d4 Nf6 2. Nf3 c5 3. e3 e6 4. Be2 b6 5. O-O Bb7 6. b3 Be7 7. Bb2 O-O 8. dxc5 bxc5 9. c4 d5 10. Nc3 Nbd7 11. Qc2 a6 12. Rfd1 Qc7 13. Rac1 Rac8 14. Qb1 Rfd8 15. h3 h6 16. Qa1 Qb8 17. Na4 Bf8 18. cxd5 exd5 19. Ne5 Ne4 20. Nxd7 Rxd7 21. Nb6 Rcd8 22. Nxd7 Rxd7 23. Be5 Qe8 24. Bf3 Ng5 25. Bg4 Rd8 26. Bf4 Ne4 27. Qe5 Qb5 28. Bf5 Nf6 29. Qc7 Re8 30. Bd6 Bxd6 31. Qxd6 c4 32. Rb1 d4 33. Qf4 dxe3 34. bxc4 Qc6 35. f3 Nh5 36. Qg4 Nf6 37. Qd4 g6 38. Rb6 e2 39. Re1 Qc7 40. Bxg6 Nd7 41. Rd6 Ne5 42. Bh5 Nxc4 43. Rxh6 Qe5 44. Qxe5 Rxe5 45. f4 Re4 46. Rxe2 Rxf4 47. Rf2 1-0


[Site "https://www.chess.com"]